 Dungeon Crawl Stone Soup version 0.30-a0-358-g0d69a1922f (webtiles) character file.

Game seed: 8610525442950870474

556 testman the Sneak (level 7, 0/60 HPs)
             Began as an Armataur Enchanter on Nov 10, 2022.
             Was an Initiate of Gozag.
             Slain by a wraith (4 damage)
             ... on level 5 of the Dungeon.
             The game lasted 00:16:01 (3614 turns).

testman the Sneak (Armataur Enchanter)              Turns: 3614, Time: 00:16:02

Health: 0/60       AC:  4    Str: 13    XL:     7   Next: 8%
Magic:  10/10      EV:  9    Int: 18    God:    Gozag
Gold:   232        SH:  5    Dex: 10    Spells: 5/10 levels left

rFire   . . .      SeeInvis .    a - +1 dagger (speed)
rCold   + + .      Faith    .    (no shield)
rNeg    . . .      Spirit   .    b - +0 robe
rPois   .          Reflect  +    (no helmet)
rElec   .          Harm     .    (no cloak)
rCorr   +          Roll     +    (no gloves)
Will    .....                    (no barding)
Stlth   +++.......               y - amulet of reflection
HPRegen 0.30/turn                h - ring of protection from cold
MPRegen 0.12/turn                v - ring of resist corrosion

@: slowed, very slow
A: large, rugged brown scales 3, deformed body, armoured tail, roll, long
tongue, awkward tongue, cold resistance 1, MP-powered wands, devolution 1
a: Renounce Religion, Potion Petition, Call Merchant, Bribe Branch


You were on level 5 of the Dungeon.
You worshipped Gozag.
Gozag was aware of your devotion.
You visited 1 branch of the dungeon, and saw 5 of its levels.

You collected 292 gold pieces.
You paid 60 gold pieces to Gozag.

Inventory:

Hand Weapons
 a - a +1 dagger of speed (weapon)
 n - a +1 dagger of venom
Missiles
 d - 2 boomerangs (quivered)
 k - a throwing net
Armour
 b - a +0 robe (worn)
Jewellery
 h - a ring of protection from cold (left hand)
 v - a ring of resist corrosion (right hand)
 y - an amulet of reflection (around neck)
Scrolls
 e - 2 scrolls of amnesia {unknown}
 g - 4 scrolls of identify {unknown}
 j - a scroll of brand weapon {unknown}
 l - 2 scrolls of noise {unknown}
 p - a scroll of enchant weapon {unknown}
 q - 4 scrolls of fog {unknown}
 r - a scroll of magic mapping {unknown}
 t - 2 scrolls of poison {unknown}
 x - a scroll of summoning {unknown}
Potions
 c - 2 potions of invisibility
 f - 2 potions of mutation
 i - 2 potions of curing {unknown}
 m - 2 potions of magic
 o - 2 potions of might {unknown}
 s - a potion of heal wounds {unknown}
 u - 2 potions of lignification {unknown}
 w - a potion of resistance {unknown}
 z - a potion of degeneration {unknown}


   Skills:
 + Level 3.0 Fighting
 + Level 3.1 Short Blades
 - Level 1.3 Dodging
 + Level 5.3 Stealth
 - Level 2.0 Spellcasting
 + Level 4.1 Hexes
 - Level 2.0 Ice Magic


You had 5 spell levels left.
You knew the following spells:

 Your Spells              Type           Power      Damage    Failure   Level
a - Ensorcelled Hibernat  Hex/Ice        24%        N/A       8%          2
b - Tukima's Dance        Hex            16%        N/A       10%         3

Your spell library contained the following spells:

 Spells                   Type           Power      Damage    Failure   Level
 Confusing Touch          Hex            16%        N/A       10%         3
 Dazzling Flash           Conj/Hex       18%        N/A       24%         3
 Inner Flame              Hex/Fire       9%         N/A       24%         3
 Blink                    Tloc           2%         N/A       26%         2
 Momentum Strike          Conj/Tloc      2%         3d8       26%         2
 Lesser Beckoning         Tloc           2%         N/A       47%         3
 Flame Wave               Conj/Fire      1%         2d4       87%         4
 Sticky Flame             Conj/Fire      1%         2d3       87%         4


Dungeon Overview and Level Annotations

Branches:
Dungeon (5/15)
 Temple: D:4-7

Altars:
Gozag
Qazlal
Wu Jian
Xom

Shops:
D:5 =


Innate Abilities, Weirdness & Mutations

You are completely covered in rugged brown scales. (AC +3, +7% HP)
Armour fits poorly on your strangely shaped body.
You have a long armoured tail.
You roll when moving toward enemies. (Rampage)
Your long tongue fully drains potion bottles. (2x potion effects)
Your tongue gives you trouble enunciating. (1.5x scroll delay)
Your flesh is cold resistant. (rC+)
You expend magic power (3 MP) to strengthen your wands.
You have hidden genetic defects.


Message History

Aiming: Tukima's Dance (dangerous; 10% risk of failure)
Press: ? - help, Shift-Dir - straight line, f - you That would be overly suicidal.
Okay, then.
Unknown command.
You closely miss the wraith.
You tail-slap the wraith, but do no damage.
The wraith is heavily damaged.
The wraith closely misses you.
You completely miss the wraith. You tail-slap the wraith.
The wraith is severely damaged.
The wraith hits you.
* * * LOW HITPOINT WARNING * * *
The wraith drains your vigour!
You feel as though you will be slow longer.
You hit the wraith but do no damage. You tail-slap the wraith.
The wraith is severely damaged.
You block the wraith's attack.
You hit the wraith but do no damage.
The wraith is severely damaged.
The wraith closely misses you.
You barely miss the wraith. You tail-slap the wraith!
The wraith is almost destroyed.
The wraith barely misses you.
You hit the wraith but do no damage.
Your tail-slap misses the wraith.
The wraith is almost destroyed.
You barely miss the wraith.
The wraith is almost destroyed.
The wraith hits you!
* * * LOW HITPOINT WARNING * * *
The wraith drains your vigour!
You feel as though you will be slow longer.
You closely miss the wraith.
The wraith is almost destroyed.
The wraith closely misses you.
You hit the wraith but do no damage.
The wraith is almost destroyed.
The wraith hits you.
You die...
Your body crumbles into a pile of gold.

#.# ... $ . #.# ####
# #. # #.# .#. #.#
#.# #.# ##.#### # #.#
#.....# ##
#.##########.....####
#.
#......>...<.$.......
# #.
############.@...####
#.#. #.W...# #...
##..#..... #...
#..#..### .... #..#
.# #... #..# # ###.
#..# .... #..# .###


You could see a wraith.

Vanquished Creatures
  An ice beast (D:5)
  A black bear (D:5)
  4 hounds
  A jelly (D:5)
  An iguana (D:5)
  An orc wizard (D:5)
  8 gnolls
  2 adders
  2 worms (D:2)
  2 dart slugs (D:1)
  2 orcs
  8 ball pythons
  5 endoplasms
  4 giant cockroaches
  5 goblins
  6 hobgoblins
  2 jackals (D:3)
  2 quokkas
  8 bats
  A frilled lizard (D:1)
  7 kobolds
  6 rats
79 creatures vanquished.

Notes
Turn   | Place    | Note
-------+----------+-------------------------------------------
     0 | D:1      | testman the Armataur Enchanter began the quest for the Orb.
     0 | D:1      | Reached XP level 1. HP: 14/14 MP: 3/3
   158 | D:1      | Reached skill level 1 in Short Blades
   244 | D:1      | Reached XP level 2. HP: 23/23 MP: 4/4
   247 | D:1      | Learned a level 2 spell: Ensorcelled Hibernation
   523 | D:1      | Reached skill level 1 in Fighting
   641 | D:1      | Reached XP level 3. HP: 29/29 MP: 5/5
  1601 | D:3      | Reached skill level 1 in Ice Magic
  1607 | D:3      | Reached XP level 4. HP: 37/37 MP: 1/6
  1653 | D:3      | Reached skill level 4 in Stealth
  2181 | D:3      | Found an ornate altar of the Wu Jian Council.
  2377 | D:4      | Noticed a phantom
  2493 | D:4      | Reached XP level 5. HP: 36/43 MP: 2/7
  2598 | D:4      | Found a shimmering altar of Xom.
  2599 | D:4      | Found a shimmering altar of Xom.
  2601 | D:4      | Found a shimmering altar of Xom.
  2604 | D:4      | Found a shimmering altar of Xom.
  2605 | D:4      | Found a shimmering altar of Xom.
  2607 | D:4      | Found a shimmering altar of Xom.
  2611 | D:4      | Found a shimmering altar of Xom.
  2790 | D:4      | Found an opulent altar of Gozag.
  2790 | D:4      | Found a stormy altar of Qazlal.
  2799 | D:4      | Became a worshipper of Gozag Ym Sagoz the Greedy
  2926 | D:5      | Entered Level 5 of the Dungeon
  3028 | D:5      | Noticed an ice beast
  3060 | D:5      | Killed an ice beast
  3061 | D:5      | Reached XP level 6. HP: 18/53 MP: 8/8
  3065 | D:5      | Learned a level 3 spell: Tukima's Dance
  3205 | D:5      | Noticed a yak
  3205 | D:5      | Noticed a wraith
  3369 | D:5      | Found Reptuox's One-of-a-Kind Rings.
  3374 | D:5      | Reached skill level 5 in Stealth
  3488 | D:5      | Reached XP level 7. HP: 49/59 MP: 10/10
  3603 | D:5      | Gained mutation: You have hidden genetic defects. [potion
                  | of mutation]
  3603 | D:5      | Gained mutation: Your flesh is cold resistant. (rC+)
                  | [potion of mutation]
  3603 | D:5      | Gained mutation: You expend magic power (3 MP) to
                  | strengthen your wands. [potion of mutation]
  3614 | D:5      | Slain by a wraith

Illustrated notes

Levels and vault maps discovered:
D:1:      onia_arrival_mini_maze, layout_loops_cross
D:2:      layout_loops_cross, serial_bayou_lagoon_b
D:3:      layout_loops_ring, nicolae_wu_jian_wuxing_cycle,
          chequers_serial_rivers_micro_c
D:4:      layout_rooms, xom_redecorated, minitemple
D:5:      layout_loops_ring, nicolae_shop_unique_rings, minmay_manual_mess

Skill      XL: |  1  2  3  4  5  6  7 |
---------------+----------------------+-----
Short Blades   | 1 2 3 |  3.1
Hexes          | 3 4 |  4.1
Fighting       | 1 2 3 |  3.0
Ice Magic      | 1 2 |  2.0
Stealth        | 4 5 |  5.3
Spellcasting   | 2 |  2.0
Dodging        | |  1.3

Action                   |  1- 3 |  4- 6 |  7- 9 || total
-------------------------+-------+-------+-------++-------
Melee: Dagger            |   101 |   138 |    50 ||   289
       Tailslap          |     7 |     9 |    10 ||    26
       Punch             |     2 |     2 |     1 ||     5
 Cast: Ensorcelled Hiber |     3 |     6 |       ||     9
  Use: Potion            |       |       |     2 ||     2
 Stab: Sleeping          |    15 |    10 |       ||    25
       Distracted        |       |     1 |       ||     1
Armor: Robe              |    30 |    33 |     5 ||    68
Dodge: Dodged            |    33 |    42 |    17 ||    92
Block: Other             |       |     8 |     7 ||    15

Table legend: (Time is in decaauts)
 A = Elapsed time spent in this place.
 B = Non-inter-level travel time spent in this place.
 C = Inter-level travel time spent in this place.
 D = Time resting spent in this place.
 E = Time spent auto-exploring this place.
 F = Levels seen in this place.
 G = Mean time per level.
                   A        B        C        D        E       F      G
               +--------+--------+--------+--------+--------+-----+--------+
         Total |   3595 |   3437 |    158 |    125 |   2582 |   5 |  719.0 |
       Dungeon |   3595 |   3437 |    158 |    125 |   2582 |   5 |  719.0 |
               +--------+--------+--------+--------+--------+-----+--------+

Top non-repeatable levels by time:
     D:2: 848 daAuts
     D:3: 823 daAuts
     D:1: 750 daAuts
     D:5: 666 daAuts
     D:4: 507 daAuts
